 Dungeon Crawl Stone Soup version 0.30-a0-883-g5ad918d (webtiles) character file.

Game seed: 15741968812307748701

67 Think the Ducker (level 4, -1/31 HPs)
             Began as an Octopode Fighter on Mar 17, 2023.
             Slain by a gnoll
             ... wielding a +0 spear
              (6 damage)
             ... on level 2 of the Dungeon.
             The game lasted 00:01:47 (1026 turns).

Think the Ducker (Octopode Fighter)                 Turns: 1026, Time: 00:01:48

Health: -1/31      AC:  1    Str: 15    XL:     4   Next: 16%
Magic:  4/4        EV: 14    Int: 10    God:
Gold:   84         SH:  4    Dex: 13    Spells: 3/3 levels left

rFire   . . .      SeeInvis .    a - +0 long sword
rCold   . . .      Faith    .    b - +0 buckler
rNeg    . . .      Spirit   .    (helmet restricted)
rPois   .          Reflect  .    (no amulet)
rElec   .          Rampage  .    (no ring)
rCorr   .                        (no ring)
Will    .....                    (no ring)
Stlth   ++                       (no ring)
HPRegen 0.25/turn                (no ring)
MPRegen 0.09/turn                (no ring)
                                 (no ring)
                                 (no ring)

@: no status effects
A: almost no armour, amphibious, 8 rings, camouflage 1, gelatinous body 1,
(nimble swimmer 1), tentacles
a: no special abilities


You were on level 2 of the Dungeon.
You visited 1 branch of the dungeon, and saw 2 of its levels.

You collected 84 gold pieces.

Inventory:

Hand Weapons
 a - a +0 long sword (weapon)
 p - a +2 dagger of freezing
Armour
 b - a +0 buckler (worn)
Jewellery
 k - a +6 ring of intelligence
Scrolls
 d - a scroll of fog {unknown}
 e - 3 scrolls of identify {unknown}
 f - a scroll of teleportation {unknown}
 g - 2 scrolls of noise {unknown}
 j - a scroll of vulnerability {unknown}
 l - 2 scrolls of amnesia {unknown}
 q - a scroll of brand weapon {unknown}
Potions
 c - a potion of might
 h - a potion of heal wounds {unknown}
 i - a potion of haste {unknown}
 m - a potion of degeneration {unknown}
 n - a potion of curing {unknown}
 o - a potion of berserk rage {unknown}


   Skills:
 - Level 3.0 Fighting
 - Level 2.0 Long Blades
 + Level 4.9 Dodging
 - Level 3.0 Shields


You had 3 spell levels left.
You didn't know any spells.
Your spell library contained the following spells:

 Spells                   Type           Power      Damage    Failure   Level
 Tukima's Dance           Hex            0%         N/A       83%         3
 Passage of Golubria      Tloc           0%         N/A       99%         4
 Yara's Violent Unravell  Hex/Tmut       0%         3d3       100%        5


Dungeon Overview and Level Annotations

Branches:
Dungeon (2/15)

Altars:


Innate Abilities, Weirdness & Mutations

You cannot wear most types of armour.
You are amphibious.
You can wear up to eight rings at the same time.
Your skin changes colour to match your surroundings (Stealth+).
Your rubbery body absorbs attacks. (AC +1, EV +1)
((You are camouflaged when in or above water. (Stealth+)))
You have tentacles for arms and can constrict up to eight enemies at once.


Message History

The gnoll moves out of view.
There are monsters nearby!
There are monsters nearby!
The gnoll shouts! x2
A gnoll comes into view. It is wielding a +0 spear.
The gnoll shouts!
You hit the gnoll. Your grab misses the gnoll.
The gnoll is heavily wounded.
The gnoll misses you. You block the gnoll's attack. x2
The gnoll closely misses you.
You slash the gnoll!
You kill the gnoll!
The gnoll misses you.
You have reached level 4!
The gnoll closely misses you. You block the gnoll's attack.
You hit the gnoll. You grab the gnoll.
The gnoll is lightly wounded.
You constrict the gnoll. You block the gnoll's attack.
The gnoll closely misses you. The gnoll completely misses you.
You hit the gnoll.
The gnoll is almost dead.
You constrict the gnoll.
You kill the gnoll!
The gnoll closely misses you.
The gnoll hits you from afar with a +0 halberd!
The gnoll hits you from afar with a +0 spear!
The gnoll hits you from afar with a +0 halberd!
* * * LOW HITPOINT WARNING * * *
The gnoll barely misses you. You block the gnoll's attack.
You see here a +0 spear.
You hit the gnoll but do no damage. You grab the gnoll.
You constrict the gnoll. The gnoll closely misses you.
You block the gnoll's attack.
You hit the gnoll but do no damage. You squeeze the gnoll.
The gnoll is heavily wounded.
You constrict the gnoll. The gnoll hits you with a +0 spear.
* * * LOW HITPOINT WARNING * * *
You block the gnoll's attack. The gnoll completely misses you.
The gnoll hits you with a +0 spear.
You die...

##..##.......#####
#.>##....####
#.......# ##......#
### ##.......# #..
#..........# #..
#..##..##....###..
#..# #.##......†..
#####@#......#......##
#..)gg#...............
#..##........#####....
.... ..######## #....
.... ### #.... ...
#.... .. ###.# . #..
###


You could see 2 gnolls.

Vanquished Creatures
  An adder (D:2)
  2 gnolls (D:2)
  A worm (D:2)
  3 ball pythons
  3 bats (D:1)
  2 endoplasms (D:2)
  2 giant cockroaches (D:1)
  2 hobgoblins (D:1)
  3 jackals (D:2)
  A quokka (D:2)
  4 frilled lizards
  5 goblins
  3 kobolds
  2 rats (D:2)
34 creatures vanquished.

Notes
Turn   | Place    | Note
-------+----------+-------------------------------------------
     0 | D:1      | Think the Octopode Fighter began the quest for the Orb.
     0 | D:1      | Reached XP level 1. HP: 16/16 MP: 1/1
   193 | D:1      | Reached XP level 2. HP: 21/21 MP: 2/2
   631 | D:2      | Reached skill level 4 in Dodging
   632 | D:2      | Reached XP level 3. HP: 10/26 MP: 3/3
  1018 | D:2      | Reached XP level 4. HP: 31/31 MP: 4/4
  1026 | D:2      | Slain by a gnoll

Illustrated notes

Levels and vault maps discovered:
D:1:      saegor_arrival_simple_c, layout_rooms
D:2:      layout_rooms

Skill      XL: |  1  2 |
---------------+-------+-----
Dodging        | 4 |  4.9
Fighting       | |  3.0
Long Blades    | |  2.0
Shields        | |  3.0

Action                     |  1- 3 |  4- 6 || total
---------------------------+-------+-------++-------
  Melee: Long sword        |    63 |     4 ||    67
         Constrict         |    17 |     2 ||    19
         Tentacles         |     8 |     1 ||     9
         Dagger            |    10 |       ||    10
   Stab: Sleeping          |     3 |       ||     3
 Armour: Skin              |     5 |       ||     5
  Dodge: Dodged            |    53 |     7 ||    60
  Block: Buckler           |    17 |     5 ||    22

Table legend: (Time is in decaauts)
 A = Elapsed time spent in this place.
 B = Non-inter-level travel time spent in this place.
 C = Inter-level travel time spent in this place.
 D = Time resting spent in this place.
 E = Time spent auto-exploring this place.
 F = Levels seen in this place.
 G = Mean time per level.
                   A        B        C        D        E       F      G
               +--------+--------+--------+--------+--------+-----+--------+
         Total |   1048 |   1009 |     39 |    111 |    665 |   2 |  524.0 |
       Dungeon |   1048 |   1009 |     39 |    111 |    665 |   2 |  524.0 |
               +--------+--------+--------+--------+--------+-----+--------+

Top non-repeatable levels by time:
     D:1: 597 daAuts
     D:2: 450 daAuts
